 Dungeon Crawl Stone Soup version 0.28.0-53-g5a82cb258f (webtiles) character file.

Game seed: 14753062039038520753

58 safid the Skirmisher (level 4, -1/40 HPs)
             Began as a Hill Orc Fighter on July 7, 2022.
             Slain by a shadow imp (2 damage)
             ... summoned by Natasha
             ... on level 2 of the Dungeon.
             The game lasted 00:01:31 (1455 turns).

safid the Skirmisher (Hill Orc Fighter)             Turns: 1455, Time: 00:01:31

Health: -1/40      AC:  7    Str: 20    XL:     4   Next: 2%
Magic:  4/4        EV:  9    Int:  8    God:
Gold:   53         SH:  4    Dex: 10    Spells: 3/3 levels left

rFire   . . .      SeeInvis .   a - +0 war axe
rCold   . . .      Faith    .   c - +0 buckler
rNeg    . . .      Spirit   .   b - +0 scale mail
rPois   .          Reflect  .   (no helmet)
rElec   .          Harm     .   (no cloak)
rCorr   .          Rampage  .   (no gloves)
Will    .....                   (no boots)
Stlth   ..........              (no amulet)
HPRegen 0.13/turn               (no ring)
MPRegen 0.09/turn               (no ring)

@: slowed, very slow
A: no striking features
a: no special abilities


You were on level 2 of the Dungeon.
You visited 1 branch of the dungeon, and saw 2 of its levels.

You collected 53 gold pieces.

Inventory:

Hand Weapons
 a - a +0 war axe (weapon)
Armour
 b - a +0 scale mail (worn)
 c - a +0 buckler (worn)
Scrolls
 f - 2 scrolls of summoning {unknown}
 i - a scroll of fog {unknown}
 j - a scroll of immolation {unknown}
 l - a scroll of enchant armour {unknown}
Potions
 d - a potion of might
 e - a potion of invisibility {unknown}
 g - a potion of heal wounds {unknown}
 h - 2 potions of mutation {unknown}
 k - a potion of haste {unknown}


   Skills:
 - Level 4.0 Fighting
 + Level 3.7 Axes
 + Level 3.9 Armour
 + Level 3.9 Shields


You had 3 spell levels left.
You didn't know any spells.
Your spell library contained the following spells:

 Spells                   Type           Power      Damage    Failure   Level
 Summon Guardian Golem    Hex/Summ       0%         N/A       99%         3
 Orb of Destruction       Conj           0%         9d5       100%        7
 Spellforged Servitor     Conj/Summ      0%         N/A       100%        7


Dungeon Overview and Level Annotations

Branches:
Dungeon (2/15)

Altars:

Annotations:
D:2 Natasha


Message History

The crimson imp hits you.
Natasha stares at you and mumbles some strange words.
The magic dart hits you.
* * * LOW HITPOINT WARNING * * *
You block the shadow imp's attack. The crimson imp closely misses you.
You have reached level 4!
You hit the shadow imp.
You kill the shadow imp!
The shadow imp disappears in a puff of smoke!
You slash Natasha! You hit the crimson imp.
Natasha mumbles some strange words.
The crimson imp hits you but does no damage.
Natasha closely misses you.
The crimson imp blinks!
Unknown command.
You miss Natasha.
Natasha is heavily wounded.
You block Natasha's attack.
The crimson imp blinks!
You block Natasha's attack. The shadow imp barely misses you.
Unknown command.
You closely miss Natasha.
Natasha is heavily wounded.
You slash the shadow imp! Natasha misses you.
The shadow imp closely misses you.
The crimson imp blinks!
Natasha claws you.
* * * LOW HITPOINT WARNING * * *
The shadow imp hits you but does no damage.
Unknown command.
You hit Natasha but do no damage.
Natasha is heavily wounded.
You closely miss the rat.
You hit the shadow imp but do no damage.
Natasha growls.
Natasha claws you but does no damage. The rat barely misses you.
The shadow imp completely misses you. Natasha claws you.
* * * LOW HITPOINT WARNING * * *
The rat closely misses you. The shadow imp closely misses you.
You barely miss Natasha.
Natasha is heavily wounded.
You hit the rat. You barely miss the shadow imp. Natasha closely misses you.
The rat bites you but does no damage. The shadow imp hits you.
You die...

.. ..$ ###### ...######
#....# ..::....# #....#
........####....###
............##....######
......5h###†..........##
..5....@........#...#...
..#....r.####...........
#......# ...####..##.#
#...........####..##<#
.<...........#.........
..####...........##.#...
# ..#..........#.....
#.#..#..............
........#.#


You could see Natasha, a crimson imp (summoned), a shadow imp (summoned) and a
rat.

Vanquished Creatures
  A worm (D:2)
  2 dart slugs
  A ball python (D:1)
  2 bats (D:1)
  6 endoplasms
  4 giant cockroaches (D:1)
  3 goblins (D:1)
  5 hobgoblins (D:1)
  7 jackals (D:1)
  6 kobolds
  2 quokkas (D:2)
  A frilled lizard (D:1)
  4 rats (D:1)
44 creatures vanquished.

Notes
Turn   | Place    | Note
-------+----------+-------------------------------------------
     0 | D:1      | safid the Hill Orc Fighter began the quest for the Orb.
     0 | D:1      | Reached XP level 1. HP: 19/19 MP: 1/1
     6 | D:1      | Noticed a black bear
     6 | D:1      | Noticed a salamander
     7 | D:1      | Noticed an iguana
   223 | D:1      | Reached XP level 2. HP: 25/27 MP: 2/2
   379 | D:1      | Found a faded altar of an unknown god.
   599 | D:1      | Reached skill level 4 in Fighting
   623 | D:1      | Reached XP level 3. HP: 26/33 MP: 3/3
  1442 | D:2      | Noticed Natasha
  1451 | D:2      | Reached XP level 4. HP: 7/40 MP: 4/4
  1453 | D:2      | HP: 1/40 [Natasha (6)]
  1455 | D:2      | Slain by a shadow imp

Illustrated notes

Levels and vault maps discovered:
D:1:      onia_arrival_zoo_common, layout_loops_ring,
          hellmonk_ecumenical_altar_run_dry, corexii_corridor_pit,
          minmay_quantized
D:2:      layout_rooms, uniq_natasha

Skill      XL: |  1  2 |
---------------+-------+-----
Axes           | 3 |  3.7
Fighting       | 4 |  4.0
Armour         | |  3.9
Shields        | |  3.9

Action                   |  1- 3 |  4- 6 || total
-------------------------+-------+-------++-------
Melee: War axe           |   105 |     5 ||   110
Armor: Scale mail        |    52 |     4 ||    56
Dodge: Dodged            |    61 |     9 ||    70
Block: Buckler           |    21 |     2 ||    23
